AoeStats
← Joaquito

Arena

507300619Analyzed
3v3 RM · 14d ago on Sep 17, 2026· 30m 55s· 6 players
Game mode
Random Map
Map size
Normal (6 player)
Population
200
Speed
Normal
Resources
Standard
Victory
Conquest
Starting age
Dark Age
Ending age
Imperial Age
RankedLock teamsTeams togetherTeam positionsShared explorationLock speedFull tech treeHidden civsTurbo modeCheats
Victory
Defeat
🇦🇷 Goths · Argentina
1144
+15
🇨🇱 Bohemians · Chile
1127
+16
🇨🇱 Cumans · Chile
1064
+19
🇹🇷 Persians · Türkiye
1181
-19
🇨🇳 Bohemians · China
1119
-16
🇲🇦 Teutons · Morocco
1086
-15
OayiZ
0:28 Loom
9:59 Feudal Age
16:39 Castle Age
14:54 Double-Bit Axe
17:52 Bow Saw
21:10 Fervor
21:20 Sanctity
24:25 Horse Collar
27:59 Heavy Plow
29:18 Wheelbarrow
29:17 Fletching
30:21 Bodkin Arrow
emre_gul19
8:42 Feudal Age
9:52 Wheelbarrow
9:31 Double-Bit Axe
9:39 Loom
17:47 Castle Age
16:03 Horse Collar
18:21 Heavy Plow
19:12 Bow Saw
22:53 Scale Barding Armor
23:58 Hand Cart
24:19 Forging
24:55 Bloodlines
26:02 Stone Mining
26:36 Town Watch
26:52 Gold Mining
28:35 Chain Barding Armor
31:10 Iron Casting
30:26 Fletching
DaYF1786
6:39 Loom
9:20 Feudal Age
19:58 Wheelbarrow
24:36 Castle Age
Joaquito
10:54 Feudal Age
14:44 Castle Age
13:14 Double-Bit Axe
18:11 Chemistry
20:41 Horse Collar
26:01 Wheelbarrow
32:19 Imperial Age
29:58 Heavy Plow
cacadecaca38
7:50 Loom
11:31 Feudal Age
11:34 Man-at-Arms
20:35 Double-Bit Axe
28:03 Castle Age
27:23 Wheelbarrow
27:20 Horse Collar
28:15 Capped Ram
29:24 Pikeman
Federati
10:17 Feudal Age
10:46 Double-Bit Axe
10:45 Horse Collar
12:36 Man-at-Arms
15:52 Scale Mail Armor
18:46 Forging
26:31 Castle Age
27:42 Wheelbarrow
27:31 Chain Mail Armor
27:52 Iron Casting
26:39 Pikeman
27:20 Squires
26:41 Long Swordsman
Connection lost

Rejoining the realm…

Still unreachable

The connection could not be restored.

Session expired

The server has moved on; the page needs a fresh start.